 Dungeon Crawl Stone Soup version 0.29.1-4-g47bece8355 (webtiles) character file.

Game seed: 15441511922743679857

222 CaptainMV the Gusty (level 5, 0/40 HPs)
             Began as a Draconian Air Elementalist on Dec 8, 2022.
             Slain by an orc wizard
             ... wielding a +0 dagger
              (3 damage)
             ... on level 4 of the Dungeon.
             The game lasted 00:27:46 (3494 turns).

CaptainMV the Gusty (Draconian Air Elementalist)    Turns: 3494, Time: 00:27:46

Health: 0/40       AC:  5    Str: 16    XL:     5   Next: 66%
Magic:  3/8        EV: 12    Int: 18    God:
Gold:   241        SH:  0    Dex: 11    Spells: 5/8 levels left

rFire   . . .      SeeInvis .   B - +0 war axe
rCold   . . .      Faith    .   (no shield)
rNeg    . . .      Spirit   .   (body armour unavailable)
rPois   .          Reflect  .   (helmet restricted)
rElec   .          Harm     .   (no cloak)
rCorr   .          Rampage  .   (no gloves)
Will    .....                   (no boots)
Stlth   ++........              t - amulet of the acrobat
HPRegen 0.13/turn               v - +6 ring of strength
MPRegen 0.11/turn               (no ring)

@: no status effects
A: AC +5, unfitting armour, cold-blooded
a: no special abilities


You were on level 4 of the Dungeon.
You visited 1 branch of the dungeon, and saw 4 of its levels.

You collected 241 gold pieces.

Inventory:

Hand Weapons
 b - a +0 broad axe
 y - a +2 dagger of holy wrath
 z - a +2 antimagic falchion
 B - a +0 war axe (weapon)
Missiles
 e - 2 datura-tipped darts (quivered)
 j - 4 boomerangs
 k - 6 poisoned darts
Jewellery
 o - a ring of fire
 t - an amulet of the acrobat (around neck)
 v - a +6 ring of strength (left hand)
Wands
 u - a wand of charming (8)
 w - a wand of flame (6)
Scrolls
 d - 2 scrolls of vulnerability {unknown}
 g - 3 scrolls of identify {unknown}
 h - a scroll of immolation {unknown}
 i - a scroll of blinking {unknown}
 l - 2 scrolls of enchant weapon {unknown}
 p - a scroll of poison {unknown}
 q - a scroll of butterflies {unknown}
 r - a scroll of fear {unknown}
 x - a scroll of enchant armour {unknown}
 A - 2 scrolls of teleportation {unknown}
Potions
 a - a potion of magic
 c - a potion of flight {unknown}
 f - a potion of haste {unknown}
 m - 2 potions of heal wounds {unknown}
 n - a potion of lignification {unknown}
 s - a potion of mutation {unknown}


   Skills:
 + Level 1.3 Fighting
 + Level 3.3 Axes
 + Level 2.3 Dodging
 + Level 2.4 Stealth
 + Level 2.4 Spellcasting
 + Level 1.6 Conjurations
 + Level 3.8 Air Magic


You had 5 spell levels left.
You knew the following spells:

 Your Spells              Type           Power      Damage    Failure   Level
a - Shock                 Conj/Air       44%        1d5       6%          1
b - Static Discharge      Conj/Air       11%        3-5/arc   9%          2

Your spell library contained the following spells:

 Spells                   Type           Power      Damage    Failure   Level
 Swiftness                Air            15%        N/A       11%         3
 Airstrike                Air            7%         2d(2-18)  34%         4


Dungeon Overview and Level Annotations

Branches:
Dungeon (4/15)
 Temple: D:4-7

Altars:

Shops:
D:2 *!**


Innate Abilities, Weirdness & Mutations

Your plain brown scales are hard. (AC +5)
You cannot fit into any form of body armour.
You are cold-blooded and may be slowed by cold attacks.


Message History

The orc warrior is struck by an arc of lightning.
The orc warrior is moderately wounded.
The lightning grounds out.
The orc shouts!
The orc warrior hits you with a +0 short sword!
* * * LOW HITPOINT WARNING * * *
The orc hits you but does no damage.
Your Axes skill increases to level 3!
You barely miss the orc warrior.
The orc warrior is moderately wounded.
You closely miss the orc.
The orc warrior hits you but does no damage.
The orc wizard gestures wildly while chanting.
The orc wizard flickers and vanishes!
The orc closely misses you.
You closely miss the orc warrior.
The orc warrior is moderately wounded.
You barely miss the orc.
The orc warrior hits you with a +0 short sword.
* * * LOW HITPOINT WARNING * * *
The orc misses you.
Aiming: Charm
Press: ? - help, Q - select action, (/) - cycle Shift-Dir - straight line, f - orc warrior
Aim: an orc warrior, wielding a +0 short sword and wearing a +0 chain mail (moderately wounded, chance to affect: 49%)
The orc warrior resists with some effort.
You hear the slow hiss of a very distant avalanche of sand.
The orc misses you.
The orc warrior hits you with a +0 short sword.
* * * LOW HITPOINT WARNING * * *
Unknown command.
Aiming: Charm
Press: ? - help, Q - select action, (/) - cycle Shift-Dir - straight line, f/p - orc warrior
Aim: an orc warrior, wielding a +0 short sword and wearing a +0 chain mail (moderately wounded, chance to affect: 49%)
The orc warrior resists with some effort.
Something barely misses you.
You hit the orc.
You kill the orc!
You hit something.
You hit the orc warrior but do no damage.
Something hits you.
You die...

#... #.# .........
#... .. ........#
#... .. ..$....#
##... .##......###.
...o ............
#.{## #...........
#..)#####...........
#.@o...............
#.......#.##.......
##......$.###......
##.#.......##.....
###..........#.#.
###..........###.
#.......##....#..
##.....####....#.
##.#.## ##...#W


You could see an orc warrior and an orc.

Vanquished Creatures
  A phantom (D:4)
  Ijyb (D:3)
  4 gnolls (D:2)
  3 adders
  3 worms
  A dart slug (D:1)
  6 orcs
  5 ball pythons
  3 endoplasms
  A giant cockroach (D:2)
  2 hobgoblins (D:1)
  A quokka (D:2)
  4 bats
  3 goblins
  16 rats
54 creatures vanquished.

Vanquished Creatures (others)
  15 plants (D:1)
  4 withered plants (D:2)
19 creatures vanquished.

Grand Total: 73 creatures vanquished

Notes
Turn   | Place    | Note
-------+----------+-------------------------------------------
     0 | D:1      | CaptainMV the Draconian Air Elementalist began the quest
                  | for the Orb.
     0 | D:1      | Reached XP level 1. HP: 14/14 MP: 3/3
   342 | D:1      | Reached XP level 2. HP: 20/20 MP: 5/5
  1080 | D:2      | Found Zaczas's General Store.
  1145 | D:2      | Found Tywuytz's Assorted Antiques.
  1147 | D:2      | Found a faded altar of an unknown god.
  1169 | D:2      | Reached XP level 3. HP: 26/26 MP: 6/6
  1189 | D:2      | Found Vucir's Distillery.
  1244 | D:2      | Found Muobb's Assorted Antiques.
  1342 | D:2      | Reached skill level 1 in Axes
  2012 | D:2      | Learned a level 2 spell: Static Discharge
  2014 | D:2      | Reached XP level 4. HP: 31/34 MP: 2/7
  2840 | D:3      | Noticed Ijyb
  2852 | D:3      | Killed Ijyb
  2854 | D:3      | Reached XP level 5. HP: 12/39 MP: 1/8
  3122 | D:3      | Reached skill level 1 in Fighting
  3452 | D:4      | Noticed a phantom
  3484 | D:4      | Noticed an orc warrior
  3489 | D:4      | Killed a phantom
  3494 | D:4      | Slain by an orc wizard

Illustrated notes

Levels and vault maps discovered:
D:1:      lemuel_arrival_river_ford, layout_basic, minivault_23,
          serial_bayou_ford_a, chequers_arboretum, kennysheep_pointless_box,
          minmay_rat_gold_closets
D:2:      layout_basic, ebering_ecumenical_altar_petrified, serial_shops, shop,
          nicolae_shop_advertising_works [nicolae_subvault_shop_adworks],
          nicolae_shop_statue_plus, nicolae_shop_crystal
D:3:      layout_basic, uniq_ijyb
D:4:      layout_cave_pools, vehumet_statue, nicolae_overflow_two_pavilions,
          gup_ossuary_entry_pyramid, minmay_misc_feat_rows,
          supply_closet_lemuel, uniq_grinder

Skill      XL: |  1  2  3  4  5 |
---------------+----------------+-----
Stealth        | 2 |  2.4
Dodging        | 2 |  2.3
Axes           | 1 2 3 |  3.3
Fighting       | 1 |  1.3
Spellcasting   | |  2.4
Conjurations   | |  1.6
Air Magic      | |  3.8

Action                   |  1- 3 |  4- 6 || total
-------------------------+-------+-------++-------
Melee: Broad axe         |   141 |    31 ||   172
       Tailslap          |    14 |     3 ||    17
       Punch             |     3 |       ||     3
       War axe           |       |    17 ||    17
Throw: Dart              |       |     2 ||     2
 Cast: Shock             |    12 |    16 ||    28
       Static Discharge  |     2 |     4 ||     6
Evoke: Wand              |       |     2 ||     2
 Stab: Sleeping          |     7 |     1 ||     8
Armor: Skin              |    37 |    17 ||    54
Dodge: Dodged            |    84 |    47 ||   131
